 Dungeon Crawl Stone Soup version 0.31-a0-303-gdc8c9485ea (webtiles) character file.

Game seed: 9907534053398115408

340 Monkooky the Ruffian (level 6, -1/39 HPs)
             Began as an Octopode Shapeshifter on July 16, 2023.
             Was an Initiate of Ashenzari.
             Slain by an orc wizard
             ... wielding a +0 dagger
              (5 damage)
             ... on level 4 of the Dungeon.
             The game lasted 00:07:05 (3334 turns).

Monkooky the Ruffian (Octopode Shapeshifter)        Turns: 3334, Time: 00:07:06

Health: -1/39      AC:  1    Str: 15    XL:     6   Next: 56%
Magic:  10/10      EV: 13    Int: 10    God:    Ashenzari [......]
Gold:   188        SH:  0    Dex: 14    Spells: 4/10 levels left

rFire   . .          .
                       - Unarmed
rCold   . . .        i - orb {*Rage}
rNeg    . . .        (helmet currently unavailable)
rPois   .            (no amulet)
rElec   .            (no ring)
rCorr   .            (no ring)
SInv    .            (no ring)
Will    .....        (no ring)
Stlth   ++           (no ring)
HPRegen 0.26/turn    (no ring)
MPRegen 0.12/turn    (no ring)
                     (no ring)

%: random rage (20%)
@: confused, mighty, beast-form, ambrosia-drunk, on berserk cooldown, slowed,
very slow
A: beast (slay +2), almost no armour, amphibious, 8 rings, camouflage 1,
gelatinous body 1, (nimble swimmer 1), tentacles
a: Begin Untransformation, Renounce Religion


You were on level 4 of the Dungeon.
You worshipped Ashenzari.
Ashenzari was noncommittal.
You were a hulking beast.
You visited 1 branch of the dungeon, and saw 4 of its levels.

You collected 188 gold pieces.

Inventory:

Missiles
 n - 27 poisoned darts
 w - 2 throwing nets
Armour
 i - an orb of wrath (worn)
Talismans
 b - a beast talisman
Wands
 t - a wand of paralysis (7)
Scrolls
 c - 2 scrolls of identify {unknown}
 e - a scroll of poison {unknown}
 f - a scroll of amnesia {unknown}
 g - 2 scrolls of noise {unknown}
 h - a scroll of enchant armour {unknown}
 l - 2 scrolls of immolation {unknown}
 p - 2 scrolls of teleportation {unknown}
 r - a scroll of acquirement {unknown}
 u - a scroll of fog {unknown}
 v - a scroll of blinking {unknown}
 x - a scroll of vulnerability {unknown}
Potions
 d - 2 potions of might
 k - a potion of resistance {unknown}
 m - a potion of degeneration {unknown}
 o - a potion of haste {unknown}
 q - a potion of mutation {unknown}
 s - a potion of heal wounds {unknown}


   Skills:
 - Level 2.0 Fighting
 - Level 2.0 Dodging
 - Level 4.1 Unarmed Combat
 + Level 2.7 Spellcasting
 + Level 1.4 Conjurations
 + Level 1.4 Transmutations
 + Level 1.4 Fire Magic
 + Level 1.4 Air Magic
 + Level 1.9 Poison Magic
 - Level 3.0 Shapeshifting


You had 4 spell levels left.
You knew the following spells:

 Your Spells              Type           Power      Damage    Failure   Level
a - Mephitic Cloud        Conj/Pois/Air  4%         N/A       41%         3
b - Ignite Poison         Fire/Tmut/Pois 4%         N/A       41%         3

Your spell library contained the following spells:

 Spells                   Type           Power      Damage    Failure   Level
 Magic Dart               Conj           16%        1d3       16%         1
 Kiss of Death            Conj/Necr      8%         2d6       22%         1
 Call Imp                 Summ           2%         N/A       41%         2
 Confusing Touch          Hex            1%         N/A       65%         3
 Sticky Flame             Conj/Fire      4%         2d3       85%         4
 Dispel Undead            Necr           1%         3d6       96%         4
 Ignition                 Fire           2%         3d3       100%        8


Dungeon Overview and Level Annotations

Branches:
Dungeon (4/15)
 Temple: D:4-7

Altars:
Ashenzari
Okawaru

Annotations:
D:4 2 transporters, salammoniac's ghost, amateur FeSh


Innate Abilities, Weirdness & Mutations

You are a hulking beast.
Your limbs bulge with bestial killing power. (Slay +2)
You cannot wear most types of armour.
You are amphibious.
You can wear up to eight rings at the same time.
Your skin changes colour to match your surroundings (Stealth+).
Your rubbery body absorbs attacks. (AC +1, EV +1)
((You are camouflaged when in or above water. (Stealth+)))
You have tentacles for arms and can constrict up to eight enemies at once.


Message History

The orc barely misses you.
It was a potion of might.
You feel very mighty all of a sudden. The orc hits you with a +0 hand axe.
* * * LOW HITPOINT WARNING * * *
The orc hits you but does no damage. Something hits you but does no damage.
Okay, then.
You attack the rock wall.
The orc hits you but does no damage. The orc hits you with a +0 whip.
* * * LOW HITPOINT WARNING * * *
You hear some strange, mumbled words.
Something tries to affect you, but you resist.
You hear some strange, mumbled words.
Something tries to affect you, but you resist.
The orc hits you but does no damage. x2
You attack the rock wall.
You feel less wooden.
You turn into a hulking beast.
The orc hits you with a +0 hand axe.
* * * LOW HITPOINT WARNING * * *
The orc misses you. Something hits you.
* * * LOW HITPOINT WARNING * * *
Unknown command.
It was a potion of ambrosia.
You are more confused.
You feel invigorated. The orc hits you with a +0 hand axe.
* * * LOW HITPOINT WARNING * * *
The orc closely misses you.
You hear some strange, mumbled words.
A puff of flame appears from out of thin air!
The puff of flame hits you.
* * * LOW HITPOINT WARNING * * *
Unknown command.
You closely miss the orc. Your squeeze misses the orc.
The orc is heavily wounded.
The orc hits you with a +0 hand axe.
* * * LOW HITPOINT WARNING * * *
The orc closely misses you. Something hits you.
* * * LOW HITPOINT WARNING * * *
Something hits you.
You die...

#.....§≈§≈§§§........
#.....≈§_≈§.§..>....<
#.....≈§.≈§..........
#.....§§§≈≈..........
#....§≈.§≈.....#####
#.))§§§.≈....######
#.#.§.8.≈.##.###...
#o#{......#....#.#'
#.ho.######.##.#.#.
###### ##..##...#†
#..####..#.
#...###.##.
###.....#.. #####.#._
#####.#.. #...#.##.
#...#..#.


You could see 2 orcs.

Vanquished Creatures
  A howler monkey (D:4)
  An orc priest (D:4)
  A sleepcap (D:4)
  2 orc wizards (D:4)
  6 gnolls
  5 adders
  2 worms (D:3)
  3 dart slugs
  3 orcs (D:4)
  A ball python (D:2)
  4 bats
  4 endoplasms
  A goblin (D:2)
  10 hobgoblins
  4 quokkas
  2 frilled lizards (D:1)
  5 kobolds
  2 rats
57 creatures vanquished.

Vanquished Creatures (others)
  An orc wizard (D:4)
1 creature vanquished.

Grand Total: 58 creatures vanquished

Notes
Turn   | Place    | Note
-------+----------+-------------------------------------------
     0 | D:1      | Monkooky the Octopode Shapeshifter began the quest for the
                  | Orb.
     0 | D:1      | Reached XP level 1. HP: 14/14 MP: 1/1
   166 | D:1      | Reached XP level 2. HP: 19/19 MP: 2/2
   263 | D:1      | Reached skill level 3 in Unarmed Combat
   721 | D:2      | Reached XP level 3. HP: 22/24 MP: 3/3
  1842 | D:3      | Reached skill level 4 in Unarmed Combat
  2210 | D:3      | Reached XP level 4. HP: 23/29 MP: 3/5
  2214 | D:3      | Reached skill level 1 in Spellcasting
  2220 | D:3      | Learned a level 3 spell: Mephitic Cloud
  2553 | D:3      | Learned a level 3 spell: Ignite Poison
  2559 | D:4      | Reached XP level 5. HP: 18/34 MP: 8/8
  2685 | D:4      | Found a transporter.
  2705 | D:4      | Noticed salammoniac's ghost (amateur FeSh)
  2766 | D:4      | Found a broken altar of Ashenzari.
  2780 | D:4      | Found an iron altar of Okawaru.
  2809 | D:4      | Became a worshipper of Ashenzari the Shackled
  2846 | D:4      | Reached skill level 1 in Poison Magic
  2903 | D:4      | Found a transporter.
  2921 | D:4      | Reached skill level 1 in Conjurations
  2921 | D:4      | Reached skill level 1 in Transmutations
  2921 | D:4      | Reached skill level 1 in Fire Magic
  2921 | D:4      | Reached skill level 1 in Air Magic
  2925 | D:4      | Reached XP level 6. HP: 39/39 MP: 9/9
  3334 | D:4      | Slain by an orc wizard

Illustrated notes

Levels and vault maps discovered:
D:1:      eino_arrival_druids_welcome, layout_basic, fountainhead,
          chequers_avenue
D:2:      layout_basic, patterned_corridor
D:3:      layout_loops_ring
D:4:      layout_rooms, mainiacjoe_overflow_surrounded_room,
          mainiacjoe_overflow_catwalk, gammafunk_ghost_stat_death

Skill      XL: |  1  2  3  4  5 |
---------------+----------------+-----
Unarmed Combat | 3 4 |  4.1
Spellcasting   | 2 |  2.7
Poison Magic   | 1 |  1.9
Conjurations   | 1 |  1.4
Transmutations | 1 |  1.4
Fire Magic     | 1 |  1.4
Air Magic      | 1 |  1.4
Fighting       | |  2.0
Dodging        | |  2.0
Shapeshifting  | |  3.0

Action                     |  1- 3 |  4- 6 || total
---------------------------+-------+-------++-------
  Melee: Unarmed           |    59 |    67 ||   126
         Constrict         |    18 |    12 ||    30
         Tentacles         |    10 |    12 ||    22
         Punch             |     2 |     2 ||     4
    Use: Potion            |       |     3 ||     3
   Stab: Sleeping          |    14 |     5 ||    19
 Armour: Skin              |     1 |    33 ||    34
  Dodge: Dodged            |    21 |    35 ||    56

Table legend: (Time is in decaauts)
 A = Elapsed time spent in this place.
 B = Non-inter-level travel time spent in this place.
 C = Inter-level travel time spent in this place.
 D = Time resting spent in this place.
 E = Time spent auto-exploring this place.
 F = Levels seen in this place.
 G = Mean time per level.
                   A        B        C        D        E       F      G
               +--------+--------+--------+--------+--------+-----+--------+
         Total |   3462 |   3353 |    109 |    496 |   2338 |   4 |  865.5 |
       Dungeon |   3462 |   3353 |    109 |    496 |   2338 |   4 |  865.5 |
               +--------+--------+--------+--------+--------+-----+--------+

Top non-repeatable levels by time:
     D:2: 1038 daAuts
     D:3: 955 daAuts
     D:4: 772 daAuts
     D:1: 696 daAuts
